[Event "*** Titled Tuesday Blitz"]
[Site "Chess.com"]
[Date "2020.12.01"]
[Round "6"]
[White "QuintilianoR"]
[Black "CakeinSpace2002"]
[Result "1-0"]
[WhiteElo "2619"]
[BlackElo "2371"]
[TimeControl "180+1"]
[EndTime "11:04:37 PST"]
[Termination "QuintilianoR won by resignation"]

1. d4 Nf6 2. c4 g6 3. Nc3 Bg7 4. e4 d6 5. Nf3 O-O 6. Be2 c5 7. O-O cxd4 8. Nxd4 Nc6 9. Be3 Bd7 10. h3 Nxd4 11. Bxd4 Bc6 12. Qc2 Nd7 13. Bxg7 Kxg7 14. b4 b6 15. Rad1 a5 16. a3 Bb7 17. Rfe1 Kg8 18.
Bf1 axb4 19. axb4 Ne5 20. f4 Nc6 21. Qb2 Qc8 22. Nd5 Qd8 23. c5 bxc5 24. bxc5 Rb8 25. Qc3 f6 26. Ne3 Qa5 27. Qxa5 Nxa5 28. cxd6 exd6 29.
Rxd6 Bxe4 30. Ng4 f5 31. Nf6+ Kg7 32. Nxe4 fxe4 33. Rxe4 Rf7 34. Ra4 Nb3 35. Bc4 Rxf4 36. Bxb3 Rxa4 37. Bxa4 Rb7 38. Rd7+ Rxd7 39. Bxd7 Kf6 40.
Kf2 h5 41. Ba4 g5 42. Be8 h4 43. Kf3 Kf5 44. Bd7+ Ke5 45. Kg4 Kf6 46. Bf5 1-0

[Event "*** Titled Tuesday Blitz"]
[Site "Chess.com"]
[Date "2020.12.01"]
[Round "6"]
[White "chesstatour"]
[Black "KventinKarantino"]
[Result "0-1"]
[WhiteElo "1983"]
[BlackElo "2302"]
[TimeControl "180+1"]
[EndTime "11:04:37 PST"]
[Termination "KventinKarantino won on time"]

1. c4 c6 2. Nc3 d5 3. d4 Nf6 4. Nf3 e6 5. Bg5 Be7 6. e3 O-O 7. Be2 b6 8. O-O Nbd7 9. Rc1 Bb7 10. cxd5 exd5 11. a3 Ne4 12. Bf4 Rc8 13. Bd3 Ndf6 14.
Ne5 c5 15. Be2 Nxc3 16. Rxc3 Ne4 17. Rc1 Bd6 18. Bg4 Rc7 19. Nd3 Ba6 20. Bxd6 Qxd6 21.
Re1 Re8 22. Bf3 c4 23. Nb4 Bc8 24. b3 a5 25. Na2 Ng5 26. bxc4 Nxf3+ 27. Qxf3 dxc4 28.
Nc3 Bb7 29. Qg3 Qd8 30. a4 Rc6 31. f3 Rg6 32. Qf2 Qf6 33. Kh1 Rh6 34. Rc2 Qg6 35.
Rce2 Qh5 36. h3 Ree6 37. e4 Bc8 38. d5 Reg6 39. f4 Bxh3 40. gxh3 Qxh3+ 41. Qh2 Qf3+ 0-1

[Event "*** Titled Tuesday Blitz"]
[Site "Chess.com"]
[Date "2020.12.01"]
[Round "6"]
[White "theredking89"]
[Black "WelshTiger"]
[Result "1-0"]
[WhiteElo "2643"]
[BlackElo "2459"]
[TimeControl "180+1"]
[EndTime "11:04:38 PST"]
[Termination "theredking89 won by resignation"]

1. e4 c5 2. d4 cxd4 3. c3 Nf6 4. e5 Nd5 5. Qxd4 Nb6 6. Nf3 Nc6 7. Qe4 g6 8. a4 d5 9. exd6 Qxd6 10. Na3 Qe6 11.
Bd3 a6 12. O-O Qxe4 13. Bxe4 Bg7 14. Be3 Nxa4 15. Nc4 Nxb2 16. Nxb2 Bxc3 17. Rab1 f5 18. Bxc6+ bxc6 19. Rfc1 Bf6 20. Bd4 O-O 21. Na4 Be6 22. Nc5 Bd5 23. Nd7 Rfd8 24. Nxf6+ exf6 25. Bxf6 Rd7 26. Ba1 a5 27. Ne5 Rc7 28. Rc5 a4 29. Rbc1 Raa7 30.
Nxc6 a3 31. Nxa7 Rxa7 32. Rxd5 1-0

[Event "*** Titled Tuesday Blitz"]
[Site "Chess.com"]
[Date "2020.12.01"]
[Round "6"]
[White "ikhasu"]
[Black "DarZay"]
[Result "1-0"]
[WhiteElo "2430"]
[BlackElo "2161"]
[TimeControl "180+1"]
[EndTime "11:04:38 PST"]
[Termination "ikhasu won on time"]

1. d4 d5 2. Bf4 e6 3. e3 Nf6 4.
Nd2 Be7 5. Bd3 O-O 6. h3 c5 7. c3 c4 8. Bc2 Nc6 9. Ngf3 b5 10. Qe2 a5 11. e4 b4 12. e5 Ne8 13. h4 f6 14. exf6 Nxf6 15. Ng5 Kh8 16. O-O Qe8 17.
Rae1 Ne4 18. Ndxe4 Rxf4 19. Ng3 Rxh4 20. Nxe6 Bxe6 21.
Qxe6 Rh6 22. Qxd5 Qg8 23. Qxg8+ Kxg8 24. d5 Bd6 25. dxc6 1-0

[Event "*** Titled Tuesday Blitz"]
[Site "Chess.com"]
[Date "2020.12.01"]
[Round "6"]
[White "GigaQuparadze"]
[Black "temus_galaktionov"]
[Result "1-0"]
[WhiteElo "2910"]
[BlackElo "2700"]
[TimeControl "180+1"]
[EndTime "11:04:39 PST"]
[Termination "GigaQuparadze won by resignation"]

1. e4 c6 2. d4 g6 3. Nc3 Bg7 4. Nf3 d6 5. h3 Nd7 6. a4 e5 7.
Bc4 Ngf6 8. dxe5 dxe5 9. Qd6 Bf8 10. Qd3 Bg7 11. b3 Qa5 12. O-O Nc5 13. Qe3 Be6 14.
Be2 O-O-O 15. b4 Qxb4 16. Ba3 Qa5 17. Bxc5 Bh6 18. Qxh6 Qxc5 19. Qe3 Qa5 20. Rfb1 Rd7 21. Nb5 Kb8 22. Nxe5 Re7 23. Nxc6+ bxc6 24. Qf4+ Ka8 25.
Qxf6 Ree8 26. e5 Bd5 27. Bf3 Rc8 28. Bxd5 cxd5 29. Qxf7 Rhd8 30. Nd6 Rc7 31. Qf3 Rxc2 32. Rb5 Qa6 33. Qxd5+ Qc6 34. Qxc6+ Rxc6 35. Rab1 a6 36. Rb6 Rxb6 37. Rxb6 Rd7 38. Rxa6+ Kb8 39. Rb6+ Ka8 40. e6 Rc7 41. Ra6+ Kb8 42. Kh2 Re7 43. Ne4 Kb7 44. Nc5+ Kb8 45. Rb6+ Kc8 46. Rb7 Re8 47. Ra7 Kb8 48.
Rxh7 g5 49. Nd7+ Ka8 50. e7 Kb7 51. Nf6 g4 52. Nxe8 g3+ 53. fxg3 Kb6 54. Rh6+ Kb7 55. Rb6+ Kc8 56. Nd6+ Kc7 57. Rb7+ Kxd6 1-0

[Event "*** Titled Tuesday Blitz"]
[Site "Chess.com"]
[Date "2020.12.01"]
[Round "6"]
[White "FairChess_on_YouTube"]
[Black "DenLaz"]
[Result "1-0"]
[WhiteElo "3000"]
[BlackElo "2800"]
[TimeControl "180+1"]
[EndTime "11:04:40 PST"]
[Termination "FairChess_on_YouTube won by resignation"]

1. e4 e5 2. Nf3 Nc6 3. d4 exd4 4. Nxd4 Bc5 5. Be3 Qf6 6. c3 Nge7 7. Bb5 O-O 8. O-O d6 9. Nxc6 bxc6 10. Bxc5 cxb5 11. Bd4 Qg6 12. Nd2 Be6 13. a4 a6 14. Qe2 c5 15.
Be3 f5 16. f3 fxe4 17. axb5 exf3 18. Nxf3 axb5 19. Rxa8 Rxa8 20. Qxb5 Bd5 21. Qd7 Nf5 22. Bf4 Rf8 23. g3 Qf7 24. Qxf7+ Rxf7 25. Ng5 Rf6 26. Rd1 Bb3 27. Rd2 d5 28. Re2 d4 29. cxd4 cxd4 30.
Re8+ Rf8 31. Rxf8+ Kxf8 32. Nxh7+ Ke7 33. Kf2 Ke6 34.
g4 Ne7 35. h4 Nc6 36. h5 Nb4 37. Ng5+ Kd5 38. Kg3 Nd3 39. Nf3 Nxb2 40. Be5 Bd1 41. Bxg7 Bxf3 42. Kxf3 Nc4 43. h6 Nd6 44. h7 Nf7 45.
h8=Q Nxh8 46. Bxh8 1-0

[Event "*** Titled Tuesday Blitz"]
[Site "Chess.com"]
[Date "2020.12.01"]
[Round "6"]
[White "xamax2000"]
[Black "RD4ever"]
[Result "1-0"]
[WhiteElo "2660"]
[BlackElo "2819"]
[TimeControl "180+1"]
[EndTime "11:04:40 PST"]
[Termination "xamax2000 won by resignation"]

1. e4 e6 2. d4 d5 3. Nc3 Nf6 4. Bg5 Be7 5. e5 Nfd7 6. h4 Nc6 7.
Qd2 Nb6 8. O-O-O Bd7 9. Kb1 h6 10. Bxe7 Qxe7 11. h5 O-O-O 12. f4 Kb8 13. Nf3 Rdf8 14.
Bd3 f6 15. Qe3 fxe5 16. Nxe5 Nxe5 17. Qxe5 Rf6 18. Rhe1 Bc8 19. g3 Qb4 20. a3 Qf8 21.
Re2 Nc4 22. Bxc4 dxc4 23. Qe3 Qf7 24. Rh1 Rf5 25. Reh2 Rd8 26. Ne4 b6 27. Nd2 Bb7 28. Re1 Bd5 29. Qe2 c3 30. bxc3 Qf8 31. Kb2 a5 32.
Qd3 Kb7 33. c4 Bc6 34. Rxe6 Qf7 35. Rhe2 Qxh5 36. Rxc6 Kxc6 37. Qe4+ 1-0

[Event "*** Titled Tuesday Blitz"]
[Site "Chess.com"]
[Date "2020.12.01"]
[Round "6"]
[White "bascheyaro"]
[Black "kagg1125"]
[Result "1-0"]
[WhiteElo "2744"]
[BlackElo "2556"]
[TimeControl "180+1"]
[EndTime "11:04:40 PST"]
[Termination "bascheyaro won by resignation"]

1. d4 Nf6 2. Bf4 d5 3. e3 e6 4.
c4 Bd6 5. Bg3 O-O 6. Nf3 c5 7.
dxc5 Bxc5 8. a3 dxc4 9. Nc3 a6 10. Bxc4 b5 11. Ba2 Bb7 12. Qc2 Qe7 13. O-O Nbd7 14. Rad1 Rfd8 15. b4 Bb6 16. Bd6 Qe8 17. Qb2 Rac8 18. Bb1 Nf8 19. Ne5 Ng6 20. Ne2 Nd5 21. Nxg6 hxg6 22. Be5 f6 23. Bd4 g5 24. Ba2 Bc7 25. e4 Nf4 26. Nxf4 Bxf4 27. f3 Kh8 28. Bxf6 gxf6 29. Qxf6+ Kh7 30. Bxe6 Rxd1 31. Rxd1 Rc6 32.
Rd7+ Qxd7 33. Qf5+ Kg7 34. Bxd7 Rc1+ 35. Kf2 Rc2+ 36.
Ke1 Rc1+ 37. Ke2 Rc2+ 38. Kd3 Rd2+ 39. Kc3 Rd1 40. Be6 Rc1+ 41. Kb2 Rc7 42. h4 Bc1+ 43. Kb1 Bf4 44. hxg5 1-0

[Event "*** Titled Tuesday Blitz"]
[Site "Chess.com"]
[Date "2020.12.01"]
[Round "6"]
[White "anon481216"]
[Black "elohunter1999"]
[Result "1-0"]
[WhiteElo "2418"]
[BlackElo "2565"]
[TimeControl "180+1"]
[EndTime "11:04:40 PST"]
[Termination "anon481216 won on time"]

1. d4 d5 2. c4 c6 3. cxd5 cxd5 4.
Nc3 Nf6 5. Bf4 Nc6 6. e3 Bf5 7. Qb3 Na5 8. Qa4+ Bd7 9. Qc2 e6 10. Bd3 a6 11. Nf3 Rc8 12. Ne5 Be7 13. g4 b5 14. Qe2 Nc4 15. g5 Ne4 16. Bxe4 dxe4 17. Nxe4 Nxe5 18. Bxe5 Bc6 19. f3 Bxe4 20. fxe4 Bxg5 21.
O-O O-O 22. Kh1 f6 23. Bg3 Qd7 24. Rac1 Rxc1 25. Rxc1 Rc8 26. Rg1 Qb7 27. Qf3 Rc2 28. Rg2 Qc6 29. h4 Bh6 30. d5 Qc8 31. Rxc2 Qxc2 32. dxe6 Qc1+ 33. Kh2 Qxb2+ 34. Kh3 Qxa2 35.
Qf5 Qa3 36. Qd5 Qe7 37. Qd7 1-0

[Event "*** Titled Tuesday Blitz"]
[Site "Chess.com"]
[Date "2020.12.01"]
[Round "6"]
[White "stoleriu"]
[Black "BJthechessgod"]
[Result "1-0"]
[WhiteElo "2555"]
[BlackElo "2304"]
[TimeControl "180+1"]
[EndTime "11:04:44 PST"]
[Termination "stoleriu won on time"]

1. e4 c5 2. Nf3 Nc6 3. Bb5 g6 4.
Bxc6 dxc6 5. d3 Bg7 6. h3 Qc7 7.
O-O e5 8. Be3 b6 9. a4 a5 10. Nbd2 Ne7 11. Nc4 O-O 12. Qd2 Be6 13.
Bh6 Bxc4 14. Bxg7 Kxg7 15. dxc4 Rad8 16. Qc3 f6 17. Rad1 Rxd1 18. Rxd1 Rd8 19. Rd3 Nc8 20. Qd2 Rxd3 21. Qxd3 Qd6 22. Qe2 Qd7 23. Ne1 Nd6 24.
b3 Nf7 25. c3 Ng5 26. h4 Ne6 27. g3 h5 28. Ng2 Nc7 29. Ne3 b5 30. cxb5 cxb5 31.
axb5 Qxb5 32. Qd1 Qc6 33. f3 Nb5 34. Qd3 Nd6 35. c4 Kf7 36. Nd5 Ke6 37. f4 exf4 38.
gxf4 Qb7 39. e5 Nf5 40. Nxf6 1-0

[Event "*** Titled Tuesday Blitz"]
[Site "Chess.com"]
[Date "2020.12.01"]
[Round "6"]
[White "Kolle05"]
[Black "AcsinteMatei"]
[Result "1-0"]
[WhiteElo "2446"]
[BlackElo "2312"]
[TimeControl "180+1"]
[EndTime "11:04:44 PST"]
[Termination "Kolle05 won by resignation"]

1. e4 c6 2. Nc3 d5 3. Nf3 Bg4 4. h3 Bxf3 5. Qxf3 e6 6. Be2 Nd7 7. d4 dxe4 8. Nxe4 Ngf6 9. O-O Nxe4 10. Qxe4 Nf6 11. Qd3 Qd5 12. c4 Qe4 13. Qxe4 Nxe4 14. Bf3 Nd6 15. b3 Be7 16. Bb2 Bf6 17. Rfe1 O-O-O 18. Rad1 Nf5 19. Re4 Rd7 20. g4 Nh4 21. Be2 Rhd8 22. c5 g5 23. f4 gxf4 24. Rxf4 Bg5 25. Re4 Ng6 26. Bc4 Nf4 27. h4 f5 28. Rxe6 Bxh4 29.
gxf5 Rg7+ 30. Kh1 Nxe6 31. Bxe6+ Kc7 32. d5 Rg3 33. Be5+ 1-0

[Event "*** Titled Tuesday Blitz"]
[Site "Chess.com"]
[Date "2020.12.01"]
[Round "6"]
[White "coco_crc"]
[Black "Chuchofrio1"]
[Result "1-0"]
[WhiteElo "2194"]
[BlackElo "2442"]
[TimeControl "180+1"]
[EndTime "11:04:46 PST"]
[Termination "coco_crc won by resignation"]

1. e4 e5 2. Nf3 Nc6 3. c3 Nf6 4. d4 d6 5. dxe5 Nxe5 6. Nxe5 dxe5 7. Qxd8+ Kxd8 8. Bg5 Be7 9. Nd2 c6 10. O-O-O Kc7 11.
f3 Be6 12. Bc4 b5 13. Bxe6 fxe6 14. Be3 a5 15. Nb3 Nd7 16. Kc2 a4 17. Nc1 Rhd8 18.
Bf2 Bc5 19. Bg3 b4 20. Nd3 b3+ 21. axb3 axb3+ 22. Kxb3 Kb6 23. Nxe5 Nxe5 24. Bxe5 g6 25. Bd4 Bxd4 26. Rxd4 Rxd4 27. cxd4 Rd8 28. Kc4 Ra8 29. Rb1 Ra4+ 30. Kc3 c5 31. dxc5+ Kxc5 32. b4+ Kb5 33. Rb2 Ra3+ 34. Kd4 Ra6 35. Ke5 Rc6 36. h4 Rb6 37. g4 Rc6 38. f4 Ra6 39. f5 gxf5 40.
gxf5 exf5 41. exf5 Ra1 42. Rf2 Re1+ 43. Kd6 Kb6 44.
f6 Rd1+ 45. Ke7 Re1+ 46. Kf8 Kc7 47. f7 Rg1 48. Rf4 Kd7 49. b5 h5 50. b6 Rg6 51. b7 Rh6 52. Kg7 Rb6 1-0

[Event "*** Titled Tuesday Blitz"]
[Site "Chess.com"]
[Date "2020.12.01"]
[Round "6"]
[White "maxz1996"]
[Black "MIJuanReyesRosa"]
[Result "1-0"]
[WhiteElo "2220"]
[BlackElo "2054"]
[TimeControl "180+1"]
[EndTime "11:04:46 PST"]
[Termination "maxz1996 won on time"]

1. e4 c5 2. Nc3 a6 3. Nf3 e6 4. d4 cxd4 5. Nxd4 Qc7 6. a3 Nf6 7. Be3 b5 8. f4 d6 9. Bd3 Bb7 10. Qf3 Nbd7 11. O-O Be7 12. Rae1 O-O 13. f5 e5 14. Nde2 d5 15. Nxd5 Nxd5 16. exd5 Nf6 17. Nc3 Rfd8 18. Be4 Bc5 19. Rd1 Bxe3+ 20. Qxe3 Ng4 21.
Qg3 Qb6+ 22. Kh1 Ne3 23. f6 g6 24. Qg5 Nxd1 25. Qh6 Qxf6 26. Rxf6 Nf2+ 27. Rxf2 1-0

[Event "*** Titled Tuesday Blitz"]
[Site "Chess.com"]
[Date "2020.12.01"]
[Round "6"]
[White "TrenerChos"]
[Black "ybruned"]
[Result "1-0"]
[WhiteElo "2181"]
[BlackElo "2280"]
[TimeControl "180+1"]
[EndTime "11:04:49 PST"]
[Termination "TrenerChos won on time"]

1. d4 Nf6 2. Nf3 e6 3. g3 b6 4.
Bg2 Bb7 5. O-O Be7 6. c4 O-O 7. Nc3 d5 8. Ne5 Nbd7 9. cxd5 exd5 10. Qa4 Nxe5 11. dxe5 Nd7 12. Nxd5 Nc5 13. Qc4 b5 14.
Qd4 Ne6 15. Qd1 Rb8 16. Be3 c5 17. Nxe7+ Qxe7 18. Qd6 Qxd6 19. exd6 Bxg2 20. Kxg2 Rfd8 21. f4 g6 22. Rad1 Rb6 23. b4 Rbxd6 24. Rxd6 Rxd6 25. bxc5 Rc6 26. Kf3 f5 27. Rd1 Rc7 28. Rd5 Kf7 29.
h3 a5 30. g4 fxg4+ 31. hxg4 b4 32. f5 Nf8 33. Bf4 Rc6 34. Bd6 Nd7 35. e4 a4 36.
e5 1-0

[Event "*** Titled Tuesday Blitz"]
[Site "Chess.com"]
[Date "2020.12.01"]
[Round "6"]
[White "underdogchss"]
[Black "awesomevishesh"]
[Result "0-1"]
[WhiteElo "2353"]
[BlackElo "2544"]
[TimeControl "180+1"]
[EndTime "11:04:50 PST"]
[Termination "awesomevishesh won on time"]

1. d4 Nf6 2. Nf3 g6 3. c4 Bg7 4. Nc3 O-O 5. e4 d6 6. Be2 Nbd7 7. O-O e5 8. Be3 c6 9. d5 c5 10. Ne1 Ne8 11. Nd3 f5 12. exf5 gxf5 13. f4 e4 14. Nf2 Bxc3 15. bxc3 Ndf6 16. h3 Kh8 17. Kh2 Qe7 18. g4 fxg4 19. hxg4 Ng7 20. Rh1 Nfh5 21. gxh5 Nf5 22. Nh3 Nxe3 23. Qg1 Bxh3 24. Qxe3 Bf5 25. Kg2 Rg8+ 26. Kf2 Raf8 27. Rag1 Rxg1 28. Kxg1 Qg7+ 29.
Kf2 Rg8 30. Ke1 Qg2 31. Rf1 Rg3 32. Qf2 Qh3 33. Rg1 Rxc3 34. Qg2 Qxg2 35. Rxg2 e3 0-1

[Event "*** Titled Tuesday Blitz"]
[Site "Chess.com"]
[Date "2020.12.01"]
[Round "6"]
[White "Funo09"]
[Black "Pelopidass"]
[Result "0-1"]
[WhiteElo "2743"]
[BlackElo "2577"]
[TimeControl "180+1"]
[EndTime "11:04:51 PST"]
[Termination "Pelopidass won by resignation"]

1. e4 c5 2. Nf3 d6 3. Nc3 Nf6 4. d4 cxd4 5. Nxd4 a6 6. Be2 e5 7.
Nb3 Be7 8. O-O O-O 9. a4 Be6 10. Be3 Nbd7 11. Qd2 Nb6 12. Rfd1 Nc4 13. Bxc4 Bxc4 14.
a5 Qc7 15. f3 Rac8 16. Kh1 Qc6 17. Ra4 Be6 18. Bb6 h6 19. Nc1 d5 20. exd5 Nxd5 21. N1e2 Bg5 22. Qd3 Nxb6 23. axb6 Rfd8 24. Qe4 Rxd1+ 25.
Nxd1 Qxe4 26. Rxe4 Rxc2 27. Rxe5 Bf6 28. Re3 Bxb2 29.
h3 Bc1 30. Re5 Bc4 31. Ndc3 Bb2 32. Re4 Be6 33. Na4 Ba3 34. Nf4 Rc1+ 35. Kh2 Bd6 36. g3 Rc2+ 37. Kh1 Bxf4 38. Rxf4 Bxh3 39. g4 Bf1 40. Rb4 Bg2+ 41. Kg1 Bxf3 0-1

[Event "*** Titled Tuesday Blitz"]
[Site "Chess.com"]
[Date "2020.12.01"]
[Round "6"]
[White "Mbneu"]
[Black "GM_LOADING"]
[Result "0-1"]
[WhiteElo "2325"]
[BlackElo "2467"]
[TimeControl "180+1"]
[EndTime "11:04:51 PST"]
[Termination "GM_LOADING won on time"]

1. d4 Nf6 2. c4 e6 3. Nc3 Bb4 4. Bg5 O-O 5. e4 h6 6. Bxf6 Qxf6 7. Nf3 d6 8. Qb3 a5 9. a3 a4 10. Qxb4 Nc6 11. Qb5 Ra5 12. e5 Qg6 13. exd6 Rxb5 14. cxb5 Na5 15. dxc7 Nb3 16. Rd1 b6 17. Be2 Bb7 18.
O-O Qc2 19. Bc4 Bxf3 20. gxf3 Qxb2 21. Nxa4 Qxa3 22. Bxb3 Rc8 23. Rc1 Qe7 24. Nxb6 Rxc7 25. Rxc7 Qxc7 26. Nc4 Qf4 27. Re1 Qg5+ 28. Kf1 Qxb5 29.
Re3 Qh5 30. Kg2 Qg5+ 31. Kf1 Qf4 32. Ne5 Qxd4 33. Kg2 Qf4 34. Nd3 Qg5+ 35. Kf1 h5 36.
f4 Qf5 37. h3 h4 38. Bd1 Qd5 39. Bf3 Qd4 40. Bg4 g6 41. Bf3 Kg7 42. Kg2 Qc4 43.
Be4 Qc7 44. Ne5 g5 0-1

[Event "*** Titled Tuesday Blitz"]
[Site "Chess.com"]
[Date "2020.12.01"]
[Round "6"]
[White "BlixLT"]
[Black "pastouche06"]
[Result "0-1"]
[WhiteElo "2334"]
[BlackElo "2500"]
[TimeControl "180+1"]
[EndTime "11:04:52 PST"]
[Termination "pastouche06 won on time"]

1. d4 d5 2. Nf3 Nf6 3. Bf4 c5 4. c3 e6 5. e3 Bd6 6. Ne5 O-O 7. Nd2 Qc7 8. h3 Nfd7 9. Ndf3 f6 10. Nxd7 Nxd7 11. Bxd6 Qxd6 12. Bd3 cxd4 13. exd4 e5 14. dxe5 fxe5 15. O-O Nc5 16. Bc2 Ne6 17. Re1 Qb6 18.
Rxe5 Qxb2 19. Re3 Nf4 20. Rb1 Qa3 21. Rb4 Qxa2 22. c4 dxc4 23. Be4 Nd3 24. Bxd3 cxd3 25. Qxd3 Bf5 26. Qd6 Rad8 27. Qc7 Rd7 28. Qc5 b6 29. Qe5 Qd5 30. Qf4 Bg6 0-1

[Event "*** Titled Tuesday Blitz"]
[Site "Chess.com"]
[Date "2020.12.01"]
[Round "6"]
[White "Konavets"]
[Black "Mazetovic"]
[Result "1-0"]
[WhiteElo "3007"]
[BlackElo "2718"]
[TimeControl "180+1"]
[EndTime "11:04:54 PST"]
[Termination "Konavets won by resignation"]

1. d4 Nf6 2. c4 g6 3. Nc3 Bg7 4. e4 O-O 5. Be2 d6 6. Be3 Na6 7. Nf3 e5 8. d5 c5 9. Nd2 h5 10. Bg5 Qd7 11. h4 Nc7 12. f3 a6 13. a4 Kh8 14. a5 Nh7 15. Be3 f5 16. Qc2 Qf7 17. Na4 Rb8 18. Nb6 Na8 19. Na4 Bd7 20. Kd1 f4 21. Bf2 b5 22. axb6 Nxb6 23. Nc3 Ra8 24. Ra5 Rfb8 25. Qb1 Bf6 26. Qa2 Bc8 27. Kc2 Bd8 28. Ra1 Nd7 29. Ra3 Rb4 30. Rb3 Rab8 31.
Rxb4 cxb4 32. Na4 a5 33. c5 dxc5 34. Bc4 Nhf6 35. Nb3 Ne8 36. Naxc5 Nd6 37. Ne6 Nxc4 38. Nxd8 Qf8 39. Nc6 Rb5 40. Qa4 Ba6 41. Nbxa5 Nxa5 42. Nxa5 Qc8+ 43. Kd2 Nc5 44. Qc2 b3 45. Qc3 Nd7 46. Qxc8+ Bxc8 47. Nc4 Rb4 48. Kc3 Rb8 49. Nxe5 Nxe5 50.
Bd4 Kg8 51. Bxe5 Rb7 52. Ra8 1-0

[Event "*** Titled Tuesday Blitz"]
[Site "Chess.com"]
[Date "2020.12.01"]
[Round "6"]
[White "Kaslask"]
[Black "ARMQUEEN"]
[Result "0-1"]
[WhiteElo "2328"]
[BlackElo "2493"]
[TimeControl "180+1"]
[EndTime "11:04:54 PST"]
[Termination "ARMQUEEN won by resignation"]

1. d4 Nf6 2. c4 c5 3. d5 e6 4. Nc3 exd5 5. cxd5 d6 6. Nf3 g6 7.
Bf4 a6 8. a4 Bg7 9. h3 O-O 10.
e3 Qe7 11. Be2 Nbd7 12. O-O Nh5 13. Bh2 f5 14. Re1 Nhf6 15. Bf1 Ne4 16. Rc1 Ne5 17. Nxe5 Bxe5 18. f4 Bg7 19. Nxe4 fxe4 20. g4 Bxb2 21. Rb1 Bg7 22. Bg2 Rb8 23. a5 Bd7 24. Qc2 Rfe8 25.
Bf1 h5 26. Qg2 Kh7 27. Rb6 Bc3 28. Rd1 Bxa5 29. Rb2 Bc3 30. Rf2 b5 31. Be2 h4 32.
Kh1 b4 33. Rg1 b3 34. g5 b2 35. f5 b1=Q 36. f6 Qf7 37. Rxb1 Rxb1+ 38. Rf1 Rxf1+ 39.
Bxf1 Qxd5 40. Bf4 Qf5 41. Qf2 Bxf6 42. Qxh4+ Kg8 43. gxf6 Qh5 44. Qg3 Be6 45. Bxd6 c4 46.
Bb4 Qf3+ 47. Qxf3 exf3 48. Kh2 Rb8 49. Bc3 Rb3 50. Bd4 c3 51. Bd3 Rb2+ 52. Kg3 Rd2 53.
Bxg6 c2 54. Bxc2 Rxc2 55. Kxf3 Bxh3 56. e4 Kf7 57. e5 a5 0-1

[Event "*** Titled Tuesday Blitz"]
[Site "Chess.com"]
[Date "2020.12.01"]
[Round "6"]
[White "tigra"]
[Black "Artyom_ChessMate"]
[Result "1/2-1/2"]
[WhiteElo "2777"]
[BlackElo "2568"]
[TimeControl "180+1"]
[EndTime "11:04:55 PST"]
[Termination "Game drawn by agreement"]

1. e4 c5 2. Nf3 d6 3. d4 cxd4 4.
Nxd4 Nf6 5. Nc3 g6 6. Be3 Bg7 7. f3 O-O 8. Bc4 Nc6 9. Qd2 Bd7 10. O-O-O Rc8 11. Be2 Ne5 12. g4 Nc4 13. Bxc4 Rxc4 14. h4 b5 15. h5 b4 16. Nd5 e6 17. Nxf6+ Qxf6 18. hxg6 fxg6 19. Qh2 Rfc8 20. Qxh7+ Kf7 21. g5 Rxc2+ 22. Kb1 Qe5 23. Rh6 Rg2 24. Qxg6+ Kf8 25. Rh7 Rcc2 26. Qxg7+ Qxg7 27. Rxg7 Kxg7 28. Nxc2 Ba4 1/2-1/2

[Event "*** Titled Tuesday Blitz"]
[Site "Chess.com"]
[Date "2020.12.01"]
[Round "6"]
[White "German_Bazeev"]
[Black "PlotnikovPavel"]
[Result "1-0"]
[WhiteElo "2714"]
[BlackElo "2473"]
[TimeControl "180+1"]
[EndTime "11:04:55 PST"]
[Termination "German_Bazeev won by checkmate"]

1. d4 Nf6 2. Nf3 g6 3. c4 Bg7 4.
Nc3 O-O 5. Bg5 d6 6. e3 h6 7. Bh4 Nbd7 8. Be2 c6 9. O-O Qc7 10. Rc1 b6 11. b4 Bb7 12. b5 Rad8 13. d5 c5 14. e4 e6 15. Re1 exd5 16. cxd5 Rfe8 17.
Nd2 g5 18. Bg3 Ne5 19. a4 Ng6 20. Nc4 Nh7 21. Bg4 Bd4 22. Ne3 Nf6 23. Nf5 Bxc3 24. Rxc3 Nxe4 25. Rce3 Nf6 26. Rxe8+ Nxe8 27. Nxh6+ Kh7 28.
Nf5 Nf6 29. Qa1 Ne5 30. Rxe5 dxe5 31. Bxe5 Qd7 32. Bxf6 Qxd5 33. Ne3 Qd3 34. Bf5+ Qxf5 35. Nxf5 Rd2 36. Bxg5 Rd4 37. Nxd4 Kg6 38. Nc6 Kxg5 39. Qc1+ Kg6 40. Nxa7 Be4 41. Nc6 Bf5 42. a5 Be6 43.
axb6 Bc8 44. Na5 Bb7 45. Nxb7 Kf6 46. Nxc5 Ke5 47. Qc4 f5 48. f4+ Kf6 49. Qe6+ Kg7 50. b7 Kh7 51. b8=Q Kg7 52. Qbb6 Kh7 53. Qbc6 Kg7 54.
b6 Kf8 55. b7 Kg7 56. Qf6+ Kh7 57. Qf7+ Kh8 58. b8=Q# 1-0

[Event "*** Titled Tuesday Blitz"]
[Site "Chess.com"]
[Date "2020.12.01"]
[Round "6"]
[White "paulrusan"]
[Black "NeverW84M8"]
[Result "0-1"]
[WhiteElo "2262"]
[BlackElo "2541"]
[TimeControl "180+1"]
[EndTime "11:04:55 PST"]
[Termination "NeverW84M8 won by resignation"]

1. e4 e5 2. Nf3 Nc6 3. Bc4 Bc5 4. b4 Bxb4 5. c3 Ba5 6. d4 exd4 7. O-O Nf6 8. e5 d5 9. exf6 dxc4 10. Re1+ Be6 11. fxg7 Rg8 12. Bg5 Qd5 13. Nbd2 Rxg7 14. Ne4 Qf5 15.
Nxd4 Qg6 16. g3 Bxc3 17. Nxe6 fxe6 18. Rc1 Bxe1 19. Qxe1 Kf7 20. Rxc4 Kg8 21. h4 Rf8 22. Qe2 Ne5 23. Nf6+ Rxf6 24. Qxe5 Rff7 25. f4 Qb1+ 26. Kh2 Qxa2+ 27. Kh3 Qxc4 28. h5 Qd5 29. Qc3 Rxg5 30. fxg5 Qxg5 31. g4 Qf6 32. Qc4 Qf1+ 33.
Kh4 Qxc4 0-1

[Event "*** Titled Tuesday Blitz"]
[Site "Chess.com"]
[Date "2020.12.01"]
[Round "6"]
[White "JoachimMouhamad"]
[Black "marciojor"]
[Result "1-0"]
[WhiteElo "2402"]
[BlackElo "2244"]
[TimeControl "180+1"]
[EndTime "11:04:55 PST"]
[Termination "JoachimMouhamad won by resignation"]

1. e4 e6 2. d4 d5 3. Nc3 Nf6 4. e5 Nfd7 5. f4 c5 6. Nf3 Nc6 7. Be3 a6 8. Qd2 b5 9. dxc5 Bxc5 10. Ne2 Qb6 11. Bxc5 Nxc5 12. Ned4 O-O 13. Qe3 Bb7 14. Bd3 h6 15. O-O Rac8 16. Rae1 b4 17. f5 Nxd3 18. cxd3 Nxd4 19. Nxd4 exf5 20. Rxf5 a5 21.
Ref1 Qg6 22. Qf4 Ba6 23. Rf3 Rc7 24. e6 f6 25. Qxc7 Rc8 26. Qf4 Qe8 27. h3 Rc5 28. Kh2 Qc8 29. Qg3 Rc7 30. Rxf6 Bxd3 31. Rf7 Rxf7 32. Rxf7 g6 33. Qe5 1-0

[Event "*** Titled Tuesday Blitz"]
[Site "Chess.com"]
[Date "2020.12.01"]
[Round "6"]
[White "A-S-00"]
[Black "ural58"]
[Result "0-1"]
[WhiteElo "2315"]
[BlackElo "2443"]
[TimeControl "180+1"]
[EndTime "11:04:57 PST"]
[Termination "ural58 won by resignation"]

1. e4 d5 2. exd5 Qxd5 3. Nc3 Qa5 4. d4 Nf6 5. Nf3 Nc6 6. Bd2 a6 7. Bc4 Qh5 8. Ne5 Bg4 9. Nxg4 Qxg4 10. Qxg4 Nxg4 11.
h3 Nf6 12. Be3 e6 13. O-O-O O-O-O 14. d5 Na5 15. Be2 Nxd5 16. Nxd5 exd5 17. Bg4+ Kb8 18. b3 Ba3+ 19. Kb1 Nc6 20. Bf4 Bd6 21. Be3 Ne7 22.
Rhe1 c6 23. c4 Rhe8 24. c5 Bc7 25. Bd4 f6 26. Re6 Ng6 27. Rde1 Rxe6 28. Rxe6 Be5 29. Be3 d4 30. Bd2 Rd5 31. b4 Bf4 32. Re8+ Ka7 33.
Kc2 d3+ 34. Kc3 Bxd2+ 35. Kxd2 Ne5 36. Bc8 Nc4+ 37. Kd1 d2 38. Bg4 Nb2+ 39. Kc2 d1=Q+ 40. Bxd1 Nxd1 41. Re7 Nxf2 42. Rxg7 Ne4 43. Rxh7 Rd2+ 44. Kb3 Rxg2 45. Re7 Rg3+ 46. Kc4 Nd2+ 47. Kd4 Rxh3 48.
Rf7 Ra3 49. Rxf6 Rxa2 50. Rf7 0-1

[Event "*** Titled Tuesday Blitz"]
[Site "Chess.com"]
[Date "2020.12.01"]
[Round "6"]
[White "vwnv7"]
[Black "stepanosinovsky"]
[Result "1-0"]
[WhiteElo "2421"]
[BlackElo "2290"]
[TimeControl "180+1"]
[EndTime "11:04:57 PST"]
[Termination "vwnv7 won on time"]

1. c4 Nf6 2. Nf3 g6 3. d4 Bg7 4. g3 O-O 5. Bg2 d6 6. O-O Nbd7 7. Nc3 e5 8. e4 c6 9. Re1 Qb6 10. d5 cxd5 11. cxd5 Nc5 12. h3 Bd7 13. b3 a5 14.
Be3 Rfc8 15. Rc1 Qb4 16. Nh2 a4 17. Bxc5 Rxc5 18. Nxa4 Rxc1 19. Qxc1 Bxa4 20. bxa4 Bh6 21. Qb1 Qc5 22. Qxb7 Rxa4 23. Qb3 Ra3 24. Qb2 Nh5 25.
Ng4 Bg5 26. Kh2 f5 27. exf5 gxf5 28. Qb8+ Kg7 29. Nxe5 dxe5 30. Qxe5+ Bf6 31. Qxf5 1-0